 Dungeon Crawl Stone Soup version 0.30-a0-557-ge2afbf3030 (webtiles) character file.

Game seed: 13068745409303884308

3303 bmack86 the Cleaver (level 9, -3/79 HPs)
             Began as a Minotaur Fighter on Dec 28, 2022.
             Was a Believer of Okawaru.
             Hit by a large rock thrown by a cyclops (10 damage)
             ... on level 7 of the Dungeon.
             The game lasted 00:17:53 (4897 turns).

bmack86 the Cleaver (Minotaur Fighter)              Turns: 4897, Time: 00:17:54

Health: -3/79      AC: 16    Str: 24    XL:     9   Next: 70%
Magic:  7/8        EV:  6    Int:  5    God:    Okawaru [**....]
Gold:   334        SH: 10    Dex: 11    Spells: 8/8 levels left

rFire   + . .      SeeInvis .    a - +0 war axe
rCold   x . .      Faith    .    c - +0 buckler
rNeg    . . .      Spirit   .    u - +0 plate armour
rPois   .          Reflect  +    (helmet restricted)
rElec   .          Harm     .    t - +2 cloak
rCorr   .          Rampage  .    (no gloves)
Will    .....                    (no boots) Stlth
                                 f - amulet of reflection
HPRegen 0.33/turn                s - ring of fire
MPRegen 0.11/turn                (no ring)

@: no status effects
A: horns 2, retaliatory headbutt
a: Renounce Religion, Heroism


You were on level 7 of the Dungeon.
You worshipped Okawaru.
Okawaru was pleased with you.
You visited 2 branches of the dungeon, and saw 8 of its levels.

You collected 334 gold pieces.

Inventory:

Hand Weapons
 a - a +0 war axe (weapon)
Missiles
 g - 18 poisoned darts
 h - 3 atropa-tipped darts
Armour
 c - a +0 buckler (worn)
 o - the +1 chain mail "Surreag" {rPois Regen+ Int-4}
   (You found it on level 5 of the Dungeon)

   Int:       It affects your intelligence (-4).
   rPois:     It protects you from poison.
   Regen:     It increases your rate of health regeneration.
 t - a +2 cloak (worn)
 u - a +0 plate armour (worn)
Jewellery
 f - an amulet of reflection (around neck)
 s - a ring of fire (left hand)
Wands
 i - a wand of mindburst (7)
 x - a wand of acid (5) (quivered)
Scrolls
 l - 4 scrolls of teleportation
 m - 2 scrolls of magic mapping
 q - a scroll of amnesia
 v - a scroll of fear {unknown}
Potions
 b - 2 potions of ambrosia
 d - 2 potions of might
 e - 2 potions of flight {unknown}
 j - 3 potions of lignification
 k - 5 potions of curing
 p - 3 potions of haste {unknown}
 r - 2 potions of mutation {unknown}


   Skills:
 + Level 7.2 Fighting
 * Level 9.4 Axes
 + Level 5.1 Throwing
 + Level 7.2 Armour
 + Level 7.5 Shields
 + Level 3.8 Evocations


You had 8 spell levels left.
You didn't know any spells.
Your spell library contained the following spells:

 Spells                   Type           Power      Damage    Failure   Level
 Magic Dart               Conj           0%         1d3       100%        1
 Cigotuvi's Dreadful Rot  Necr/Pois/Air  0%         N/A       100%        2
 Poisonous Vapours        Pois/Air       0%         N/A       100%        2
 Searing Ray              Conj           0%         2d4       100%        2
 Sublimation of Blood     Necr           0%         N/A       100%        2
 Wereblood                Tmut           0%         N/A       100%        2
 Gell's Gravitas          Tloc           0%         N/A       100%        3
 Lesser Beckoning         Tloc           0%         N/A       100%        3
 Mephitic Cloud           Conj/Pois/Air  0%         N/A       100%        3
 Teleport Other           Tloc           0%         N/A       100%        3
 Fulminant Prism          Conj/Hex       0%         3d5       100%        4
 Leda's Liquefaction      Hex/Erth       0%         N/A       100%        4
 Lee's Rapid Deconstruct  Erth           0%         3d4*      100%        5
 Statue Form              Tmut/Erth      0%         N/A       100%        6
 Summon Hydra             Summ           Unusable   N/A       N/A         7

Dungeon Overview and Level Annotations

Branches:
Dungeon (7/15)             Temple (1/1) D:5

Altars:
Ashenzari
Dithmenos
Elyvilon
Fedhas
Nemelex Xobeh
Okawaru
Trog
Uskayaw
Wu Jian
Yredelemnul
Zin
The Shining One


Innate Abilities, Weirdness & Mutations

You have a pair of horns on your head.
You reflexively headbutt those who attack you in melee.


Message History

You barely miss the ogre. The ogre closely misses you.
You slash the ogre!
The ogre is heavily wounded.
You closely miss the orc warrior. You slash the ogre!
You kill the ogre!
Okawaru accepts your kill.
You slash the orc warrior! You block the orc warrior's attack.
The cyclops throws a large rock.
The large rock barely misses you. You block the orc warrior's attack.
The cyclops throws a large rock.
The large rock barely misses you.
You see here a +0 giant club.
You closely miss the orc warrior.
The orc warrior is moderately wounded.
The orc warrior closely misses you.
You hit the orc warrior but do no damage.
The orc warrior is moderately wounded.
The orc warrior hits you with a +0 dire flail!
* * * LOW HITPOINT WARNING * * *
The cyclops throws a large rock.
The large rock hits you!
* * * LOW HITPOINT WARNING * * *
You closely miss the orc warrior. Your headbutt misses the orc warrior.
The orc warrior is moderately wounded.
You block the orc warrior's attack. The orc warrior barely misses you.
The orc warrior throws a boomerang.
The boomerang hits you but does no damage.
You feel like a meek peon again.
The cyclops throws a large rock.
The large rock hits you.
* * * LOW HITPOINT WARNING * * *
You block the orc warrior's attack.
You feel much better.
The cyclops throws a large rock.
The large rock hits you!!
* * * LOW HITPOINT WARNING * * *
You block the orc warrior's attack.
The orc warrior hits you but does no damage.
The orc warrior throws a boomerang.
The boomerang hits you but does no damage.
The cyclops throws a large rock.
The large rock hits you!
You die...

##.#. .#. ##...# ..# ###
....##..# ##.## ##...#..#
###...# ###...#...# ..
#.....#### #.....#..#####..
###......#)####...#..........
..........[)))).@.o..........
~≈~~~~~~~†))≈≈≈~~~~....~≈~≈~≈
~~≈~≈≈≈≈~≈≈≈≈≈≈≈)≈~....~≈≈≈≈≈
≈~#####~~≈≈)~~≈≈≈~~..).~~~~~~
~≈#.oo#......................
~≈#...#############'C''######
~≈###+# #....# ≈≈~ #..(.#
#..).#


You could see a cyclops and an orc warrior.

Vanquished Creatures
  Joseph (D:7)
  Sigmund (D:2)
  A steam dragon (D:7)
  2 ice beasts
  An orc warrior (D:7)
  A sky beast (D:5)
  8 ogres
  A centaur (D:5)
  A bullfrog (D:6)
  2 gnoll sergeants (D:7)
  4 scorpions
  5 howler monkeys
  7 hounds
  A jelly (D:6)
  3 gnoll boudas (D:7)
  5 orc priests
  Jessica (D:2)
  2 iguanas (D:5)
  6 orc wizards
  2 gnolls (D:7)
  8 adders
  A shadow imp (D:5)
  4 ufetubi
  2 worms (D:2)
  A dart slug (D:3)
  33 orcs
  8 ball pythons
  3 bats
  9 endoplasms
  4 giant cockroaches
  9 goblins
  7 hobgoblins
  13 jackals
  5 quokkas
  3 frilled lizards (D:3)
  7 kobolds
  6 rats
178 creatures vanquished.

Vanquished Creatures (others)
  A kobold brigand (D:7)
  A plant (D:7)
2 creatures vanquished.

Grand Total: 180 creatures vanquished

Notes
Turn   | Place    | Note
-------+----------+-------------------------------------------
     0 | D:1      | bmack86 the Minotaur Fighter began the quest for the Orb.
     0 | D:1      | Reached XP level 1. HP: 19/19 MP: 0/0
    46 | D:1      | Reached XP level 2. HP: 27/27 MP: 1/1
   167 | D:1      | Reached skill level 3 in Axes
   260 | D:1      | Reached XP level 3. HP: 30/33 MP: 2/2
   621 | D:2      | Found a faded altar of an unknown god.
   693 | D:2      | Noticed Jessica
   699 | D:2      | Killed Jessica
   700 | D:2      | Reached skill level 1 in Throwing
   700 | D:2      | Reached XP level 4. HP: 40/40 MP: 3/3
   867 | D:2      | Noticed Sigmund
   881 | D:2      | Killed Sigmund
   882 | D:2      | Reached skill level 4 in Axes
   882 | D:2      | Reached XP level 5. HP: 32/47 MP: 4/4
  1055 | D:2      | You fall into a shaft and drop 2 floors!
  1097 | D:4      | Reached XP level 6. HP: 51/53 MP: 5/5
  1121 | D:4      | Reached skill level 5 in Axes
  1228 | D:3      | Reached skill level 5 in Shields
  1400 | D:3      | Identified the +6 spear "Lifebane" {venom, Dex+2}
  2549 | D:4      | Found a shadowy altar of Dithmenos.
  2653 | D:5      | Entered Level 5 of the Dungeon
  2656 | D:5      | Reached skill level 5 in Armour
  2710 | D:5      | Reached skill level 5 in Fighting
  2717 | D:5      | Reached XP level 7. HP: 61/61 MP: 6/6
  2737 | D:5      | Identified the +1 chain mail "Surreag" {rPois Regen+ Int-4}
  2794 | D:5      | Reached skill level 6 in Axes
  2794 | D:5      | Reached skill level 1 in Evocations
  2905 | D:5      | Found a staircase to the Ecumenical Temple.
  2934 | Temple   | Entered the Ecumenical Temple
  2981 | Temple   | Became a worshipper of Warmaster Okawaru
  3334 | D:5      | Found an ornate altar of the Wu Jian Council.
  3590 | D:5      | Reached XP level 8. HP: 68/69 MP: 7/7
  3629 | D:6      | Reached * piety under Okawaru
  3630 | D:6      | Reached skill level 7 in Axes
  4306 | D:7      | Found the +5 robe of Misfortune {Harm *Corrode *Slow EV+5}
  4458 | D:7      | Found a broken altar of Ashenzari.
  4462 | D:7      | Found a white marble altar of Elyvilon.
  4713 | D:7      | Reached skill level 8 in Axes
  4740 | D:7      | Reached XP level 9. HP: 37/78 MP: 6/8
  4742 | D:7      | Noticed Joseph
  4775 | D:7      | Killed Joseph
  4784 | D:7      | Reached skill level 9 in Axes
  4842 | D:7      | Reached ** piety under Okawaru
  4843 | D:7      | Reached skill level 5 in Throwing
  4872 | D:7      | Noticed a cyclops
  4897 | D:7      | Hit by a large rock thrown by a cyclops

Illustrated notes

Levels and vault maps discovered:
D:1:      lemuel_arrival_room, layout_basic, minmay_close_crescents
D:2:      minmay_spotlight, layout_loops_ring,
          hellmonk_ecumenical_altar_blasted, minmay_statues_item, uniq_jessica,
          uniq_sigmund
D:3:      layout_loops_cross
D:4:      layout_rooms, lemuel_doored_altar
D:5:      layout_loops_ring, nzn_wu_jian_council_hall,
          minmay_temple_entry_proselytizer
D:6:      layout_rooms
D:7:      lemuel_castle_with_subvaults [lemuel_castle_interior_carwin_2],
          layout_layer_cave, chequers_temple_overflow_statue_of_worship,
          due_unseen_surprise, uniq_joseph
Temple:   regret_index_temple_sphere_string

Skill      XL: |  1  2  3  4  5  6  7  8  9 |
---------------+----------------------------+-----
Axes           | 3 4 5 6 8 9 |  9.4
Fighting       | 4 5 6 7 |  7.2
Armour         | 4 5 6 7 |  7.2
Shields        | 4 5 6 7 |  7.5
Throwing       | 1 2 3 4 5 |  5.1
Evocations     | 1 2 3 |  3.8

Action                   |  1- 3 |  4- 6 |  7- 9 || total
-------------------------+-------+-------+-------++-------
Melee: War axe           |    79 |    95 |   247 ||   421
       Headbutt          |     7 |    16 |    47 ||    70
Throw: Dart              |     5 |     4 |     9 ||    18
Invok: Heroism           |       |       |     7 ||     7
  Use: Scroll            |     2 |     9 |     4 ||    15
       Potion            |       |       |     3 ||     3
 Stab: Invisible         |       |     1 |     1 ||     2
Armor: Scale mail        |    30 |    19 |       ||    49
       Chain mail        |       |    22 |    32 ||    54
       Plate armour      |       |       |   123 ||   123
Dodge: Dodged            |    29 |    32 |    83 ||   144
Block: Buckler           |    59 |    67 |   175 ||   301
       Reflection        |       |       |     7 ||     7

Table legend: (Time is in decaauts)
 A = Elapsed time spent in this place.
 B = Non-inter-level travel time spent in this place.
 C = Inter-level travel time spent in this place.
 D = Time resting spent in this place.
 E = Time spent auto-exploring this place.
 F = Levels seen in this place.
 G = Mean time per level.
                   A        B        C        D        E       F      G
               +--------+--------+--------+--------+--------+-----+--------+
         Total |   4988 |   4884 |    104 |    243 |   2717 |   8 |  623.5 |
       Dungeon |   4912 |   4829 |     83 |    243 |   2683 |   7 |  701.7 |
        Temple |     75 |     54 |     21 |      0 |     34 |   1 |   75.0 |
               +--------+--------+--------+--------+--------+-----+--------+

Top non-repeatable levels by time:
     D:5: 1033 daAuts
     D:3: 907 daAuts
     D:2: 763 daAuts
     D:1: 597 daAuts
     D:7: 592 daAuts
     D:6: 580 daAuts
     D:4: 438 daAuts
  Temple: 75 daAuts
